 Dungeon Crawl Stone Soup version 0.24-a0-7-g1bb0902 (webtiles) character file.

Game seed: 15494996897327700375

520 Mgcat the Skirmisher (level 7, -1/66 HPs)
             Began as a Naga Fighter on Jan 30, 2019.
             Was a Follower of Cheibriados.
             Killed from afar by an orc wizard (5 damage)
             ... with a magic dart
             ... on level 5 of the Dungeon.
             The game lasted 00:07:55 (3815 turns).

Mgcat the Skirmisher (Naga Fighter)                 Turns: 3815, Time: 00:07:55

Health: -1/66      AC:  7    Str: 22    XL:     7   Next: 21%
Magic:  8/8        EV:  7    Int: 10    God:    Cheibriados [*.....]
Gold:   269        SH: 10    Dex: 13    Spells: 6/6 levels left

rFire    . . .     SeeInvis +   a - +1 war axe
rCold    . . .     Gourm    .   c - +0 shield
rNeg     . . .     Faith    .   b - +0 scale mail
rPois    +         Spirit   .   i - +0 helmet
rElec    .         Reflect  .   (no cloak)
rCorr    .         Harm     .   (no gloves)
MR       .....                  (no barding)
Stlth    ..........             (no amulet)
HPRegen  0.21/turn              j - +1 ring of evasion
MPRegen  0.11/turn              (no ring)

@: very slow
A: large, see invisible, deformed body, poison resistance, slowness 2, slow
metabolism 1, spit poison 1, AC +2
a: Spit Poison, Bend Time, Renounce Religion


You were on level 5 of the Dungeon.
You worshipped Cheibriados.
Cheibriados was aware of your devotion.
You were hungry.

You visited 2 branches of the dungeon, and saw 6 of its levels.

You collected 269 gold pieces.

Inventory:

Hand Weapons
 a - a +1 war axe (weapon)
Armour
 b - a +0 scale mail (worn)
 c - a +0 shield (worn)
 i - a +0 helmet (worn)
   (You found it on level 1 of the Dungeon)
Magical Staves
 n - an uncursed staff of summoning {!a}
   (You took it off a goblin on level 3 of the Dungeon)
Jewellery
 j - a +1 ring of evasion (left hand)
   (You found it on level 1 of the Dungeon)
Scrolls
 e - 2 scrolls of teleportation
 k - 2 scrolls of blinking {!r}
 q - 5 scrolls of remove curse
 t - a scroll of identify
Potions
 d - a potion of might
 g - a potion of brilliance
 h - a potion of heal wounds
 l - a potion of curing {unknown}
 o - a potion of magic
 s - a potion of mutation {!q}
Comestibles
 f - 7 rations


   Skills:
 + Level 4.6 Fighting
 + Level 3.9 Axes
 + Level 3.8 Armour
 + Level 3.8 Shields
 + Level 1.9 Invocations


You had 6 spell levels left.
You didn't know any spells.
Your spell library was empty.

Dungeon Overview and Level Annotations

Branches:
Dungeon (5/15)             Temple (1/1) D:4

Altars:
Cheibriados
Gozag
Hepliaklqana
Kikubaaqudgha
Makhleb
Nemelex Xobeh
Okawaru
Qazlal
Ru
Trog
Uskayaw
Xom
Yredelemnul

Shops:
D:4 (!(

Annotations:
D:3 3 runed translucent doors, asdu's ghost, weakling DrTm


Innate Abilities, Weirdness & Mutations

You cannot wear boots.
Your serpentine skin is tough. (AC +2)
You have supernaturally acute eyesight. (SInv)
Armour fits poorly on your strangely shaped body.
Your system is resistant to poisons. (rPois)
You cover ground very slowly.
You have a slow metabolism.
You can spit poison.


Message History

The orc shouts!
You slash the ogre!
The ogre is almost dead.
You slash the orc wizard! The orc wizard casts a spell at you.
The magic dart hits you.
The ogre hits you with a +0 giant spiked club!!
* * * LOW HITPOINT WARNING * * *
The orc wizard hits you but does no damage.
You take 24 damage, and have 14/58 hp.
MASSIVE DAMAGE!!
Warning x2: The orc wizard might cast Slow, Confuse, Throw Flame, or Throw Frost!
The ogre can hit for high damage in melee!
Unknown command.
Warning x2: The orc wizard might cast Slow, Confuse, Throw Flame, or Throw Frost!
The ogre can hit for high damage in melee!
Unknown command.
Warning x2: The orc wizard might cast Slow, Confuse, Throw Flame, or Throw Frost!
The ogre can hit for high damage in melee!
Unknown command.
Warning x2: The orc wizard might cast Slow, Confuse, Throw Flame, or Throw Frost!
The ogre can hit for high damage in melee!
You slash the ogre!
You kill the ogre!
Cheibriados appreciates the change of pace.
You have reached level 7!
Your shield prevents you from hitting the orc wizard.
The orc wizard hits you but does no damage. x2
You regained 2 hp, and now have 16/66 hp.
MP restored: 8 Spoiler Alert: The orc wizard might cast Slow, Confuse, Throw Flame, or Throw Frost!
Unknown command.
Spoiler Alert: The orc wizard might cast Slow, Confuse, Throw Flame, or Throw Frost!
Unknown command.
Spoiler Alert: The orc wizard might cast Slow, Confuse, Throw Flame, or Throw Frost!
Unknown command.
Spoiler Alert: The orc wizard might cast Slow, Confuse, Throw Flame, or Throw Frost!
You hit the orc wizard.
The orc wizard is almost dead.
You closely miss the orc.
The orc wizard casts a spell.
The orc wizard blinks!
The orc throws a tomahawk.
The tomahawk hits you.
* * * LOW HITPOINT WARNING * * *
The orc closely misses you.
A leopard gecko skeleton comes into view.
You take 1 damage, and have 15/66 hp.
Spoiler Alert: The orc wizard might cast Slow, Confuse, Throw Flame, or Throw Frost!
Unknown command.
Spoiler Alert: The orc wizard might cast Slow, Confuse, Throw Flame, or Throw Frost!
Unknown command.
Spoiler Alert: The orc wizard might cast Slow, Confuse, Throw Flame, or Throw Frost!
Unknown command.
Spoiler Alert: The orc wizard might cast Slow, Confuse, Throw Flame, or Throw Frost!
You slash the orc!
You kill the orc!
Cheibriados thoroughly appreciates the change of pace.
The orc wizard mumbles some strange words.
The orc wizard blinks!
The orc throws a tomahawk.
The tomahawk hits you but does no damage.
The orc wizard casts a spell.
The orc wizard blinks!
Unknown command.
Unknown command.
Unknown command.
Unknown command.
Unknown command.
The orc throws a tomahawk.
The tomahawk hits you.
* * * LOW HITPOINT WARNING * * *
You see here a tomahawk.
You take 2 damage, and have 14/66 hp.
Spoiler Alert: The orc wizard might cast Slow, Confuse, Throw Flame, or Throw Frost!
Unknown command.
Spoiler Alert: The orc wizard might cast Slow, Confuse, Throw Flame, or Throw Frost!
Unknown command.
Spoiler Alert: The orc wizard might cast Slow, Confuse, Throw Flame, or Throw Frost!
Unknown command.
Spoiler Alert: The orc wizard might cast Slow, Confuse, Throw Flame, or Throw Frost!
You slash the orc!
You kill the orc!
Cheibriados thoroughly appreciates the change of pace.
The orc wizard gestures wildly while chanting.
The orc wizard blinks!
You closely miss the orc. The orc hits you but does no damage.
You slash the orc!
You kill the orc!
Cheibriados appreciates the change of pace.
Spoiler Alert: The orc wizard might cast Slow, Confuse, Throw Flame, or Throw Frost!
You slash the leopard gecko skeleton!
You destroy the leopard gecko skeleton!
Cheibriados appreciates the change of pace.
Cheibriados is now slowing and strengthening your metabolism.
Cheibriados raises the support of your attributes as your movement slows.
The orc wizard casts a spell at you.
You easily resist.
Spoiler Alert: The orc wizard might cast Slow, Confuse, Throw Flame, or Throw Frost!
Spoiler Alert: The orc wizard might cast Slow, Confuse, Throw Flame, or Throw Frost!
The orc wizard points at you and mumbles some strange words.
The magic dart hits you.
* * * LOW HITPOINT WARNING * * *
The orc wizard casts a spell at you. The magic dart hits you.
* * * LOW HITPOINT WARNING * * *
The orc wizard casts a spell at you. The magic dart hits you.
You die...

#.# #.# #.# #.#
###.##############.#######
..........................
###.#############.########
#.# #..# #.# #.## #.# #.#
#.# ##@# #.# #..# #.# #(##
#)# #o)# ...## #ยง...
.....# ......


You could see an orc wizard.

Vanquished Creatures
  2 ogres
  A scorpion (D:4)
  2 howler monkeys
  An orc wizard (D:3)
  An iguana (D:4)
  A worker ant (D:4)
  7 adders
  A worm (D:2)
  2 dart slugs
  3 leopard geckos
  10 orcs
  3 ball pythons
  10 giant cockroaches
  7 goblins
  6 hobgoblins
  A quokka (D:2)
  5 bats
  6 frilled lizards
  3 kobolds
  2 leopard gecko skeletons
  6 rats
80 creatures vanquished.

Vanquished Creatures (others)
  2 orc wizards (D:5)
  2 gnolls (D:5)
4 creatures vanquished.

Grand Total: 84 creatures vanquished

Notes
Turn   | Place    | Note
-------+----------+-------------------------------------------
     0 | D:1      | Mgcat the Naga Fighter began the quest for the Orb.
     0 | D:1      | Reached XP level 1. HP: 21/21 MP: 1/1
   173 | D:1      | Reached XP level 2. HP: 28/28 MP: 2/2
   662 | D:2      | Reached XP level 3. HP: 31/34 MP: 3/3
  1074 | D:2      | Found a burning altar of Makhleb.
  1262 | D:2      | Reached skill level 3 in Armour
  1262 | D:2      | Reached skill level 3 in Shields
  1262 | D:2      | Reached XP level 4. HP: 44/44 MP: 4/4
  1431 | D:2      | Reached skill level 3 in Axes
  1431 | D:2      | Reached XP level 5. HP: 31/50 MP: 5/5
  1695 | D:3      | Found a runed translucent gate.
  1695 | D:3      | Found a runed translucent gate.
  1697 | D:3      | Found a runed translucent gate.
  1792 | D:3      | Reached skill level 4 in Fighting
  1863 | D:3      | Noticed asdu's ghost (weakling DrTm)
  2684 | D:4      | Found Lotev's Distillery.
  2749 | D:4      | Found a staircase to the Ecumenical Temple.
  2767 | Temple   | Entered the Ecumenical Temple
  2794 | Temple   | Became a worshipper of Cheibriados the Contemplative
  2827 | D:4      | Reached XP level 6. HP: 42/57 MP: 6/6
  2921 | D:4      | Found an iron altar of Okawaru.
  2994 | D:4      | Reached skill level 1 in Invocations
  3009 | D:4      | Found Jaetih's Weapon Shoppe.
  3325 | D:4      | Found Ubyelul's Antique Weapon Boutique.
  3345 | D:4      | Found a burning altar of Makhleb.
  3747 | D:5      | Entered Level 5 of the Dungeon
  3750 | D:5      | Found a stormy altar of Qazlal.
  3805 | D:5      | HP: 14/58 [ogre/+0 giant spiked club (23)]
  3806 | D:5      | Reached XP level 7. HP: 16/66 MP: 8/8
  3813 | D:5      | Reached * piety under Cheibriados
  3815 | D:5      | HP: 10/66 [orc wizard/magic dart (6)]
  3815 | D:5      | HP: 4/66 [orc wizard/magic dart (6)]
  3815 | D:5      | Killed from afar by an orc wizard

Vault maps used:
D:1:      eino_arrival_tree_alley
D:2:      wad_crossroads, bloody_makhleb
D:3:      minmay_inner_zag, gammafunk_ghost_icy, gup_sewer_entry_pipe
D:4:      okawaru_trees_2, nicolae_overflow_hidden_temple,
          minmay_temple_entry_wispy, serial_shops, shop, nicolae_shop_crystal,
          kennysheep_mini_moat
D:5:      black_bear_nest_2, grunt_qazlal_clouds, first_ration, serial_shops,
          shop, xom_confusion_cloud
Temple:   regret_index_temple_mists

Skill      XL: |  1  2  3  4  5  6 |
---------------+-------------------+-----
Armour         | 3 |  3.8
Shields        | 3 |  3.8
Axes           | 3 |  3.9
Fighting       | 4 |  4.6
Invocations    | 1 |  1.9

Action                   |  1- 3 |  4- 6 |  7- 9 || total
-------------------------+-------+-------+-------++-------
Melee: War axe           |   114 |   168 |     6 ||   288
 Abil: Spit Poison       |     4 |     8 |       ||    12
  Use: Scroll            |     7 |     6 |       ||    13
  Eat: Chunk             |     1 |     8 |       ||     9
Armor: Scale mail        |    59 |    77 |     3 ||   139
Dodge: Dodged            |    47 |    49 |     1 ||    97
Block: Shield            |    76 |    85 |       ||   161

Table legend:
 A = Non-vault XP
 B = Vault XP
 C = Vault XP percentage of total XP
 D = Non-vault monster count
 E = Vault monster count
 F = Vault count percentage of total count
                 A         B        C        D         E       F
            +---------+---------+-------+---------+---------+-------
      Total |     639 |     104 |  14.0 |      67 |      13 |  16.2
            +---------+---------+-------+---------+---------+-------
        D:1 |      30 |       0 |   0.0 |      18 |       0 |   0.0
        D:2 |      65 |      83 |  56.1 |      15 |       4 |  21.1
        D:3 |      83 |      21 |  20.2 |      17 |       9 |  34.6
        D:4 |     333 |       0 |   0.0 |      12 |       0 |   0.0
        D:5 |     128 |       0 |   0.0 |       5 |       0 |   0.0
            +---------+---------+-------+---------+---------+-------

Vault maps used:
D:1:      eino_arrival_tree_alley
D:2:      wad_crossroads, bloody_makhleb
D:3:      minmay_inner_zag, gammafunk_ghost_icy, gup_sewer_entry_pipe
D:4:      okawaru_trees_2, nicolae_overflow_hidden_temple,
          minmay_temple_entry_wispy, serial_shops, shop, nicolae_shop_crystal,
          kennysheep_mini_moat
D:5:      black_bear_nest_2, grunt_qazlal_clouds, first_ration, serial_shops,
          shop, xom_confusion_cloud
Temple:   regret_index_temple_mists

Table legend:
 A = Turns spent in this place as a percentage of turns spent in the entire game.
 B = Non-inter-level travel turns spent in this place as a percentage of non-inter-level travel turns spent in the entire game.
 C = Inter-level travel turns spent in this place as a percentage of turns spent in this place.
 D = Turns resting spent in this place as a percentage of non-inter-level travel turns spent in this place.
 E = Turns spent auto-exploring this place as a percentage of non-inter-level travel turns spent in this place.
 F = Non-inter-level travel turns spent in this place divided by the number of levels of this place that you've seen.
                   A       B       C       D       E      F
               +-------+-------+-------+-------+-------+----------------------
         Total | 100.0 | 100.0 |   4.0 |   5.9 |  75.0 | 610.7
       Dungeon |  98.7 |  99.2 |   3.5 |   5.9 |  75.0 | 727.0
        Temple |   1.3 |   0.8 |  39.6 |   0.0 |  69.0 |  29.0
               +-------+-------+-------+-------+-------+----------------------

Table legend:
 A = Kills in this place as a percentage of kills in entire the game.
 B = Kills by you in this place as a percentage of kills by you in the entire game.
 C = Kills by friends in this place as a percentage of kills by friends in the entire game.
 D = Other kills in this place as a percentage of other kills in the entire game.
 E = Experience gained in this place as a percentage of experience gained in the entire game.
 F = Experience gained in this place divided by the number of levels of this place that you have seen.
                   A       B       C       D       E      F
               +-------+-------+-------+-------+-------+----------------------
         Total | 100.0 | 100.0 |   N/A |   N/A | 100.0 | 123.8
       Dungeon | 100.0 | 100.0 |   N/A |   N/A | 100.0 | 148.6
               +-------+-------+-------+-------+-------+----------------------
